 Dungeon Crawl Stone Soup version 0.17-a0-737-gf0a300a (webtiles) character file.

148 Ngotmuk the Skirmisher (level 5, 0/50 HPs)
             Began as a Naga Fighter on Apr 21, 2015.
             Slain by a gnoll
             ... wielding a +0 halberd
              (1 damage)
             ... on level 4 of the Dungeon.
             The game lasted 00:07:05 (2244 turns).

Ngotmuk the Skirmisher (Naga Fighter)               Turns: 2244, Time: 00:07:05

Health: 0/50       AC:  7    Str: 19    XL:     5   Next: 30%
Magic:  5/5        EV:  3    Int:  9    God:
Gold:   81         SH:  9    Dex: 10    Spells: 0 memorised, 4 levels left

rFire  . . .     SeeInvis +     x - +0 falchion
rCold  . . .     Clarity  .     u - +0 chain mail
rNeg   . . .     SustAb   .     c - +0 shield
rPois  +         Gourm    .     (no helmet)
rElec  .         Spirit   .     r - +0 cloak
rCorr  .         Warding  .     (no gloves)
rMut   .         Stasis   .     (no barding)
MR     +....                    (no amulet)
Stlth  ..........               w - ring of protection from magic
                                s - ring of invisibility

@: very slow, somewhat resistant to hostile enchantments, extremely unstealthy
A: see invisible, deformed body, poison resistance, slowness 2, slow metabolism
1, spit poison 2, AC +1
a: Spit Poison, Evoke Invisibility


You were on level 4 of the Dungeon.
You were not hungry.

You visited 1 branch of the dungeon, and saw 4 of its levels.

You collected 81 gold pieces.

Inventory:

Hand weapons
 x - a +0 falchion (weapon)
Armour
 c - a +0 shield (worn)
 r - a +0 cloak (worn)
 u - a +0 chain mail (worn)
Jewellery
 s - a ring of invisibility (left hand)
 w - a ring of protection from magic (right hand)
Magical devices
 v - a wand of magic darts (19)
 y - a wand of confusion (21)
Scrolls
 f - a scroll of fog {unknown}
 h - 2 scrolls of identify {unknown}
 j - a scroll of remove curse {unknown}
 l - a scroll of fear {unknown}
 p - a scroll of enchant armour {unknown}
 q - a scroll of teleportation {unknown}
Potions
 d - 2 potions of might
 g - a potion of magic {unknown}
 i - 3 potions of curing {unknown}
 m - a potion of brilliance {unknown}
 n - a potion of restore abilities {unknown}
 o - a potion of heal wounds {unknown}
 t - a potion of mutation {unknown}
Comestibles
 b - a meat ration
 e - 2 bread rations
 k - 3 beef jerkies


   Skills:
 + Level 4.1 Fighting
 * Level 3.8 Long Blades
 - Level 2.4 Armour
 + Level 3.1 Shields


You had 4 spell levels left.
You didn't know any spells.

Dungeon Overview and Level Annotations

Branches:
Dungeon (4/15)
 Temple: D:4-7

Altars:
Kikubaaqudgha
Okawaru
Sif Muna
Yredelemnul


Innate Abilities, Weirdness & Mutations

You cannot wear boots.
Your serpentine skin is tough (AC +1).
You have supernaturally acute eyesight.
Armour fits poorly on your strangely shaped body.
Your system is resistant to poisons.
You cover ground very slowly.
You have a slow metabolism.
You can spit poison.


Message History

The gnoll hits you but does no damage.
You slash the gnoll!
You kill the gnoll!
You block the gnoll's attack. You block the gnoll's attack.
The gnoll hits you but does no damage.
Things that are here:
a whip; a gnoll corpse You slash the gnoll!
The gnoll is severely wounded.
You block the gnoll's attack.
The gnoll hits you from afar with a spear.
* * * LOW HITPOINT WARNING * * *
You completely miss the gnoll.
The gnoll is severely wounded.
You block the gnoll's attack. The gnoll hits you with a halberd!
* * * LOW HITPOINT WARNING * * *
You barely miss the gnoll.
The gnoll is severely wounded.
You block the gnoll's attack. The gnoll hits you with a halberd.
You die...

..#.). .(... #.#
#...## #.# #g...#
#.# #.... #.# #g.#
#.# #..# #.#
########..###[####
#.#
#.....@gg........#
#.#
#.######>.######(#
#<###.## #..#
#.##...#####..#
#..............
####...#####....
##............
#########.... ###


You could see 2 gnolls.

Vanquished Creatures
  Jessica (D:3)
  4 adders
  2 gnolls
  2 oozes (D:2)
  2 worms (D:2)
  A giant gecko (D:2)
  An orc (D:3)
  7 goblins
  9 hobgoblins
  8 kobolds
  A ball python (D:3)
  5 bats
  2 giant cockroaches
  3 giant newts (D:2)
  9 rats
57 creatures vanquished.

Notes
Turn   | Place    | Note
--------------------------------------------------------------
     0 | D:1      | Ngotmuk, the Naga Fighter, began the quest for the Orb.
     0 | D:1      | Reached XP level 1. HP: 21/21 MP: 1/1
    99 | D:1      | Reached XP level 2. HP: 22/28 MP: 2/2
   548 | D:1      | Reached XP level 3. HP: 19/34 MP: 3/3
  1370 | D:2      | Reached XP level 4. HP: 42/44 MP: 4/4
  1489 | D:2      | Found a deep blue altar of Sif Muna.
  1489 | D:2      | Found a basalt altar of Yredelemnul.
  1490 | D:2      | Found an ancient bone altar of Kikubaaqudgha.
  1755 | D:3      | Reached skill level 4 in Fighting
  1864 | D:3      | Noticed Jessica
  1871 | D:3      | Killed Jessica
  1871 | D:3      | Reached XP level 5. HP: 50/50 MP: 5/5
  2223 | D:4      | Found an iron altar of Okawaru.
  2243 | D:4      | HP: 1/50 [gnoll/halberd (8)]
  2244 | D:4      | Slain by a gnoll

Action                   |  1- 3 |  4- 6 || total
-------------------------+-------+-------++-------
Melee: Long sword        |   123 |    65 ||   188
       Falchion          |       |    45 ||    45
 Abil: Spit Poison       |       |     3 ||     3
  Eat: Bread ration      |       |     1 ||     1
       Pizza             |       |     1 ||     1
